 Dungeon Crawl Stone Soup version 0.28.0-47-ge53b351184 (webtiles) character file.

Game seed: 15780434815807734354

435 nickcage the Gusty (level 6, -2/32 HPs)
             Began as a Deep Elf Air Elementalist on May 9, 2022.
             Killed from afar by Blork the orc (9 damage)
             ... with a puff of flame
             ... on level 4 of the Dungeon.
             The game lasted 00:07:34 (3789 turns).

nickcage the Gusty (Deep Elf Air Elementalist)      Turns: 3789, Time: 00:07:34

Health: -2/32      AC:  2    Str:  5    XL:     6   Next: 68%
Magic:  8/14       EV: 12    Int: 22    God:
Gold:   154        SH:  0    Dex: 15    Spells: 3/13 levels left

rFire   . . .      SeeInvis .   j - +2 dagger (venom)
rCold   . . .      Faith    .   (no shield)
rNeg    . . .      Spirit   .   a - +0 robe
rPois   .          Reflect  .   l - +0 hat
rElec   .          Harm     .   (no cloak)
rCorr   .          Rampage  .   (no gloves)
Will    .....                   (no boots)
Stlth   ++........              (no amulet)
HPRegen 0.10/turn               (no ring)
MPRegen 0.14/turn               (no ring)

@: no status effects
A: no striking features
a: no special abilities


You were on level 4 of the Dungeon.
You visited 1 branch of the dungeon, and saw 4 of its levels.

You collected 154 gold pieces.

Inventory:

Hand Weapons
 b - a +0 whip
 j - a +2 dagger of venom (weapon)
Armour
 a - a +0 robe (worn)
 l - a +0 hat (worn)
Jewellery
 f - an amulet of reflection
Wands
 r - a wand of polymorph (7)
Scrolls
 d - a scroll of fog {unknown}
 g - a scroll of identify {unknown}
 h - 2 scrolls of teleportation {unknown}
 n - a scroll of noise {unknown}
 o - a scroll of holy word {unknown}
 p - a scroll of enchant weapon {unknown}
 q - a scroll of vulnerability {unknown}
Potions
 c - a potion of invisibility {unknown}
 e - a potion of heal wounds {unknown}
 i - a potion of flight {unknown}
 k - a potion of mutation {unknown}
 m - a potion of might {unknown}
 s - a potion of curing {unknown}


   Skills:
 - Level 2.4 Dodging
 - Level 2.4 Stealth
 - Level 4.0 Spellcasting
 - Level 1.1 Conjurations
 * Level 7.3 Air Magic


You had 3 spell levels left.
You knew the following spells:

 Your Spells              Type           Power      Damage    Failure   Level
a - Shock                 Conj/Air       92%        1d8       1%          1
b - Static Discharge      Conj/Air       23%        N/A       3%          2
c - Swiftness             Air            36%        N/A       1%          3
d - Airstrike             Air            18%        N/A       5%          4

Your spell library contained the following spells:

 Spells                   Type           Power      Damage    Failure   Level


Dungeon Overview and Level Annotations

Branches:
Dungeon (4/15)
 Temple: D:4-7

Altars:

Annotations:
D:4 Blork the orc


Message History

The hound is almost dead.
The hound closely misses you.
The zap hits the hound.
You kill the hound!
Magic restored.
HP restored.
s - a fuming brown potion An iguana comes into view.
Found an escape hatch in the floor.
A sourceless malevolence fills the Dungeon... and a teleportation trap spontaneously manifests!
You are yanked towards a nearby monster!
Your surroundings suddenly seem different.
Blork the orc comes into view.
He is wielding a +0 war axe and carrying a wand of digging (6).
Found a stone staircase leading up.
The iguana moves out of view.
The zap hits Blork the orc.
Blork the orc is lightly wounded.
Blork the orc shouts!
Blork the orc points at you and mumbles some strange words.
The puff of flame hits you!
The zap hits Blork the orc.
Blork the orc is lightly wounded.
The zap hits Blork the orc but does no damage.
Blork the orc is lightly wounded.
The zap hits Blork the orc.
Blork the orc is moderately wounded.
Blork the orc gestures at you while chanting.
The magic dart hits you.
The zap hits Blork the orc.
Blork the orc is heavily wounded.
Blork the orc casts a spell at you. The puff of frost hits you!
* * * LOW HITPOINT WARNING * * *
You are too injured to fight recklessly!
Aiming: Shock (safe; 1% risk of failure)
Press: ? - help, Q - select action, (/) - cycle Shift-Dir - straight line, f/p - Blork the orc
Aim: Blork the orc, wielding a +0 war axe, wearing a +0 robe and carrying a wand of digging (6) (heavily wounded, 77% to hit)
The zap misses Blork the orc.
Blork the orc casts a spell at you. The puff of flame hits you!
You die...

............
............
....†.......
....<..#
#..#.#.# #..#.#
# #..#.# #..#.#
##.##########..
####.#
.......@.o.....
.....#
......########.
###### .#.#< #


You could see Blork the orc.

Vanquished Creatures
  Grinder (D:3)
  A hound (D:4)
  Natasha (thrice) (D:3)
  Terence (D:3)
  4 adders
  A worm (D:3)
  A dart slug (D:1)
  5 orcs (D:3)
  4 ball pythons
  8 endoplasms
  5 goblins
  8 hobgoblins
  A kobold (D:3)
  4 quokkas
  6 bats
  6 frilled lizards
  6 rats
65 creatures vanquished.

Notes
Turn   | Place    | Note
-------+----------+-------------------------------------------
     0 | D:1      | nickcage the Deep Elf Air Elementalist began the quest for
                  | the Orb.
     0 | D:1      | Reached XP level 1. HP: 10/10 MP: 6/6
   280 | D:1      | Reached XP level 2. HP: 15/15 MP: 5/8
  1021 | D:2      | Reached skill level 4 in Air Magic
  1021 | D:2      | Reached XP level 3. HP: 19/19 MP: 0/10
  1799 | D:3      | Learned a level 2 spell: Static Discharge
  1803 | D:3      | Learned a level 3 spell: Swiftness
  1862 | D:3      | Reached XP level 4. HP: 24/24 MP: 9/12
  1992 | D:3      | Noticed Natasha
  2001 | D:3      | Killed Natasha
  2002 | D:3      | Reached skill level 5 in Air Magic
  2166 | D:3      | Noticed Grinder
  2168 | D:3      | Paralysed by Grinder for 6 turns
  2170 | D:3      | Noticed Terence
  2176 | D:3      | Killed Terence
  2178 | D:3      | Killed Grinder
  2179 | D:3      | Reached skill level 6 in Air Magic
  2179 | D:3      | Reached XP level 5. HP: 5/28 MP: 2/13
  2179 | D:3      | Reached XP level 6. HP: 6/32 MP: 2/14
  2540 | D:3      | Learned a level 4 spell: Airstrike
  2881 | D:3      | Noticed Natasha
  2886 | D:3      | Killed Natasha
  2887 | D:3      | Reached skill level 7 in Air Magic
  3249 | D:3      | Noticed Natasha
  3267 | D:3      | Killed Natasha
  3783 | D:4      | Noticed Blork the orc
  3789 | D:4      | Killed from afar by Blork the orc

Illustrated notes

Levels and vault maps discovered:
D:1:      dpeg_arrival_castle, layout_rooms
D:2:      layout_rooms
D:3:      layout_loops_cross, kennysheep_big_empty_room, minmay_bisected,
          uniq_natasha, uniq_terence, uniq_grinder
D:4:      layout_basic, uniq_duvessa, uniq_blork_the_orc, uniq_menkaure

Skill      XL: |  1  2  3  4  5  6 |
---------------+-------------------+-----
Air Magic      | 4 6 7 |  7.3
Spellcasting   | 4 |  4.0
Dodging        | |  2.4
Stealth        | |  2.4
Conjurations   | |  1.1

Action                   |  1- 3 |  4- 6 || total
-------------------------+-------+-------++-------
Melee: Whip              |     1 |       ||     1
       Dagger            |     3 |     5 ||     8
 Cast: Shock             |    88 |    83 ||   171
       Static Discharge  |       |     7 ||     7
Armor: Robe              |     4 |     1 ||     5
Dodge: Dodged            |     8 |     5 ||    13
